 Dungeon Crawl Stone Soup version 0.14.0-17-gc0b17a5 (webtiles) character file.

598 Nameless the Ducker (level 6, -13/78 HPs)
             Began as a Draconian Berserker on Apr 18, 2014.
             Was an Elder of Trog.
             Mangled by Sigmund
             ... wielding a cursed -1,+0 scythe
              (14 damage)
             ... on Level 4 of the Dungeon.
             The game lasted 00:13:46 (4326 turns).

Nameless the Ducker (Draconian Berserker)           Turns: 4326, Time: 00:13:46

HP -13/78        AC  6     Str 27      XL: 6   Next: 65%
MP   6/6         EV 11     Int  7      God: Trog [****..]
Gold 171         SH 20     Dex 10      Spells:  0 memorised,  5 levels left

rFire  x . .     SeeInvis .     a - +1,+0 hand axe
rCold  + + .     Clarity  .     (armour unavailable)
rNeg   . . .     Conserve .     g - +1 shield
rPois  .         rCorr    .     (helmet restricted)
rElec  .         rRot     .     (no cloak)
SustAb . .       Spirit   .     (no gloves)
rMut   .         Warding  .     (no boots)
Saprov . . .     Stasis   .     (no amulet)
MR     .....                    l - ring of ice
                                k - ring of protection from cold

@: berserking, very quick, not resistant to hostile enchantments, extremely
unstealthy
A: unfitting armour, AC +6
a: Burn Spellbooks, Berserk, Trog's Hand, Brothers in Arms, Renounce Religion


You were on level 4 of the Dungeon.
You worshipped Trog.
Trog was greatly pleased with you.
You were not hungry.

You visited 1 branch of the dungeon, and saw 4 of its levels.

You collected 171 gold pieces.

Inventory:

Hand weapons
 a - a +1,+0 hand axe (weapon)
Armour
 g - a +1 shield (worn)
Magical devices
 b - a wand of paralysis (8)
 i - a wand of flame (13)
Comestibles
 c - 3 bread rations
Scrolls
 d - 7 scrolls of teleportation
 h - a scroll of remove curse
Jewellery
 k - a ring of protection from cold (left hand)
 l - a ring of ice (right hand)
Potions
 e - 2 potions of flight {unknown}
 f - 2 potions of curing


   Skills:
 + Level 4.2 Fighting
 + Level 4.3 Axes
 + Level 4.9 Dodging
 + Level 1.0 Stealth
 + Level 2.7 Shields


You had 5 spell levels left.
You didn't know any spells.

Dungeon Overview and Level Annotations

Branches:
Dungeon (4/15)
 Temple: D:4-7

Altars:
Kikubaaqudgha
Xom

Annotations:
D:4 Sigmund


Message History

You block the iguana's attack.
You continue eating.
You block the iguana's attack.
You continue eating.
You block the iguana's attack. You block its attack.
You continue eating.
The iguana bites you.
* * * LOW HITPOINT WARNING * * *
You finish eating.
That meat ration really hit the spot!
Use which ability? (? or * to list)
A red film seems to cover your vision as you go berserk!
You feel yourself moving faster!
You feel mighty!
You feel somewhat more hungry. Something hits you.
* * * LOW HITPOINT WARNING * * *
The iguana bites you.
* * * LOW HITPOINT WARNING * * *
You slash the iguana!
The iguana is heavily wounded.
You block the iguana's attack. Something hits you!
You die...

****,*,* *,********###.#,,
*,,,,*,* *,,,,,,,,,..#.#,,
*,****,* **********#.#.#,, *,*
*,* ###***##########.#.#** *,*
*,* #..,,.........##.#.###
**+*###+###.#*****#####.##.....#
*,,,........# #..........#.#
*,,,........#######.####.#####..
*,,.........#Sl@.........# ###
*,,.........#'#####.######
*,,..........S.# #.#..#
*,,........#...# #.#..### ##
*,,,.......#...####.#....# #.
*,,,.......#...##.....##+#### #.
*,,,.......#...##.###.......# #.
*,,,,%.....#...##.#.........# #.
*,,,,,.....#...##+#+#.......#*#.


You could see an iguana and an adder.

Vanquished Creatures
  Edmund (D:4)
  Blork the orc (D:4)
  A crimson imp (D:3)
  Ijyb (D:3)
  Jessica (D:2)
  Terence (D:2)
  4 gnolls (D:3)
  4 adders
  2 giant mites (D:2)
  A worm (D:3)
  An inept feature mimic (D:3)
  2 oozes (D:2)
  An orc (D:3)
  7 hobgoblins
  4 quokkas (D:2)
  2 ball pythons (D:3)
  10 bats
  6 giant cockroaches
  3 giant newts
  6 goblins
  11 kobolds
  8 rats
78 creatures vanquished.

Notes
Turn   | Place    | Note
--------------------------------------------------------------
     0 | D:1      | Nameless, the Draconian Berserker, began the quest for the Orb.
     0 | D:1      | Reached XP level 1. HP: 19/19 MP: 1/1
   532 | D:1      | Reached XP level 2. HP: 21/26 MP: 2/2
  1263 | D:2      | Acquired Trog's second power
  1273 | D:2      | Reached XP level 3. HP: 14/33 MP: 3/3
  1730 | D:2      | Reached skill level 1 in Shields
  1758 | D:2      | HP: 1/33 [poisoned by an adder]
  2104 | D:2      | Noticed Terence
  2114 | D:2      | Killed Terence
  2114 | D:2      | Reached XP level 4. HP: 11/40 MP: 4/4
  2599 | D:2      | Noticed Jessica
  2610 | D:2      | Killed Jessica
  2984 | D:3      | Reached XP level 5. HP: 43/46 MP: 5/5
  3092 | D:3      | Noticed Ijyb
  3104 | D:3      | Killed Ijyb
  3104 | D:3      | Reached skill level 4 in Dodging
  3909 | D:4      | Noticed Edmund
  3923 | D:4      | Killed Edmund
  3923 | D:4      | Reached XP level 6. HP: 52/52 MP: 6/6
  4152 | D:4      | Noticed Blork the orc
  4171 | D:4      | Killed Blork the orc
  4171 | D:4      | Reached skill level 1 in Stealth
  4235 | D:4      | Found a shimmering altar of Xom.
  4241 | D:4      | Found an ancient bone altar of Kikubaaqudgha.
  4300 | D:4      | Noticed Sigmund
  4306 | D:4      | Acquired Trog's third power
  4325 | D:4      | HP: 1/78 [iguana (6)]
  4326 | D:4      | Mangled by Sigmund

Action                   |  1- 3 |  4- 6 || total
-------------------------+-------+-------++-------
Melee: Hand axe          |   138 |   182 ||   320
Invok: Berserk           |     1 |     4 ||     5
       Burn Spellbooks   |     1 |       ||     1
Evoke: Wand              |       |     1 ||     1
  Use: Scroll            |       |    10 ||    10
       Potion            |       |     2 ||     2
 Stab: Sleeping          |     1 |       ||     1
